 Dungeon Crawl Stone Soup version 0.30-a0-222-ge547ba4400 (webtiles) character file.

Game seed: 1226086156284926103

11 Zonian the Sneak (level 2, 0/15 HPs)
             Began as a Vine Stalker Brigand on Oct 9, 2022.
             Slain by a gnoll
             ... wielding a +0 whip
              (4 damage)
             ... on level 1 of the Dungeon.
             The game lasted 00:01:20 (462 turns).

Zonian the Sneak (Vine Stalker Brigand)              Turns: 462, Time: 00:01:20

Health: 0/15       AC:  3    Str: 13    XL:     2   Next: 25%
Magic:  0/3        EV: 11    Int: 11    God:
Gold:   20         SH:  3    Dex: 15    Spells: 1/1 levels left

rFire   . . .      SeeInvis .    a - +2 dagger
rCold   . . .      Faith    .    i - +0 buckler
rNeg    . . .      Spirit   +    b - +0 robe
rPois   .          Reflect  .    (no helmet)
rElec   .          Harm     .    c - +0 cloak
rCorr   .          Rampage  .    (no gloves)
Will    .....                    (no boots)
Stlth   +++.......               (no amulet)
HPRegen 0.22/turn                (no ring)
MPRegen 0.08/turn                (no ring)

@: no status effects
A: fangs 2, magic shield, antimagic bite, no potion heal 2
a: no special abilities


You were on level 1 of the Dungeon.
You visited 1 branch of the dungeon, and saw 1 of its levels.

You collected 20 gold pieces.

Inventory:

Hand Weapons
 a - a +2 dagger (weapon)
Missiles
 d - 9 poisoned darts (quivered)
 e - 3 curare-tipped darts
 m - 6 javelins
Armour
 b - a +0 robe (worn)
 c - a +0 cloak (worn)
 i - a +0 buckler (worn)
Jewellery
 j - a ring of willpower
Scrolls
 f - 2 scrolls of fear {unknown}
 g - a scroll of identify {unknown}
 h - a scroll of amnesia {unknown}
 l - a scroll of immolation {unknown}
Potions
 k - a potion of mutation {unknown}


   Skills:
 + Level 2.0 Fighting
 + Level 2.0 Short Blades
 + Level 2.0 Throwing
 + Level 1.0 Dodging
 + Level 5.0 Stealth


You had one spell level left.
You didn't know any spells.
Your spell library was empty.

Dungeon Overview and Level Annotations

Branches:
Dungeon (1/15)

Altars:


Innate Abilities, Weirdness & Mutations

You have extremely sharp teeth.
When hurt, damage is shared between your health and your magic reserves.
Your bite disrupts and absorbs the magic of your enemies.
Potions cannot restore your health.


Message History

The helpless goblin fails to defend itself.
You impale the goblin!!
You kill the goblin!
Your Short Blades skill increases to level 2!
Your Stealth skill increases to level 5!
Found a scroll labelled DUNNIR KOHI.
The helpless kobold fails to defend itself.
You impale the kobold!!
You kill the kobold!
Your Fighting skill increases to level 2!
Your Throwing skill increases to level 2!
No target in view!
No target in view!
l - a scroll labelled DUNNIR KOHI Unknown command.
Found 6 javelins.
A ball python comes into view.
Unknown command.
You see here 6 javelins.
m - 6 javelins A gnoll comes into view. It is wielding a +0 whip.
A gnoll is nearby!
Unknown command.
A goblin comes into view. It is wielding a +0 club.
The gnoll shouts!
The goblin shouts!
You hear a shout!
The gnoll hits you with a +0 whip! The goblin barely misses you.
You hit the gnoll. Your bite misses the gnoll.
The gnoll is heavily wounded.
The gnoll barely misses you.
A goblin comes into view. It is wielding a +0 dagger.
The goblin hits you with a +0 club.
A rat comes into view.
The goblin shouts!
You hit the gnoll but do no damage.
The gnoll is heavily wounded.
The gnoll hits you with a +0 whip.
* * * LOW HITPOINT WARNING * * *
Unknown command.
The gnoll attacks as you move away! The gnoll hits you with a +0 whip.
You die...

#.#.#.#.....#..#
..#.........#..#
####.##....###..#
#.##....###... #
#............. #.
#.##..######.#
##.#####.##..#
#...
####..g#..#.....#
##..
.r...8g@..#.#####
#.# ####...##.#.#
#.#
##g###.#.########
#.#
#...............
...
#..##.#.......#.
... #.
#.#######.# ####
# #.# #.# #.#


You could see a gnoll, 2 goblins and a rat.

Vanquished Creatures
  3 ball pythons (D:1)
  An endoplasm (D:1)
  2 goblins (D:1)
  A kobold (D:1)
  A quokka (D:1)
  A frilled lizard (D:1)
  A rat (D:1)
  3 toadstools (D:1)
13 creatures vanquished.

Vanquished Creatures (others)
  A toadstool (D:1)
1 creature vanquished.

Grand Total: 14 creatures vanquished

Notes
Turn   | Place    | Note
-------+----------+-------------------------------------------
     0 | D:1      | Zonian the Vine Stalker Brigand began the quest for the
                  | Orb.
     0 | D:1      | Reached XP level 1. HP: 11/11 MP: 2/2
   110 | D:1      | Found a faded altar of an unknown god.
   255 | D:1      | Reached skill level 1 in Dodging
   255 | D:1      | Reached XP level 2. HP: 15/15 MP: 3/3
   368 | D:1      | Reached skill level 5 in Stealth
   462 | D:1      | Slain by a gnoll

Illustrated notes

Levels and vault maps discovered:
D:1:      ldierk_water_garden, layout_basic,
          hellmonk_ecumenical_altar_arch_garden, minmay_misc_feat_rugged,
          minmay_misc_feat_tower

Skill      XL: |  1  2 |
---------------+-------+-----
Dodging        | 1 |  1.0
Short Blades   | 2 |  2.0
Stealth        | 5 |  5.0
Fighting       | 2 |  2.0
Throwing       | 2 |  2.0

Action                   || total
-------------------------++-------
Melee: Dagger            ||    22
       Bite              ||     1
 Stab: Sleeping          ||     4
Armor: Robe              ||     3
Dodge: Dodged            ||     6
Block: Buckler           ||     2

Table legend: (Time is in decaauts)
 A = Elapsed time spent in this place.
 B = Non-inter-level travel time spent in this place.
 C = Inter-level travel time spent in this place.
 D = Time resting spent in this place.
 E = Time spent auto-exploring this place.
 F = Levels seen in this place.
 G = Mean time per level.
                   A        B        C        D        E       F      G
               +--------+--------+--------+--------+--------+-----+--------+
         Total |    460 |    460 |      0 |      0 |    325 |   1 |  460.0 |
       Dungeon |    460 |    460 |      0 |      0 |    325 |   1 |  460.0 |
               +--------+--------+--------+--------+--------+-----+--------+

Top non-repeatable levels by time:
     D:1: 460 daAuts
